 Dungeon Sprint DCSS version 0.17-a0-1648-g0a089d4 (webtiles) character file.

119830 Kidiri the Imperceptible (level 15, -23/63 HPs)
             Began as a Spriggan Enchanter on Aug 12, 2015.
             Was the Champion of Dithmenos.
             Killed from afar by Nikola (36 damage)
             ... with a chain lightning
             ... in the Dungeon (Sprint III: "The Ten Rune Challenge").
             The game lasted 01:03:27 (11105 turns).

Kidiri the Imperceptible (Spriggan Enchanter)      Turns: 11105, Time: 01:03:28

Health: -23/63     AC:  8    Str:  2    XL:     15   Next: 56%
Magic:  31/41      EV: 41    Int: 25    God:    Dithmenos [******]
Gold:   565        SH:  0    Dex: 21    Spells: 14 memorised, 0 levels left

rFire  + . .     SeeInvis +     A - +7 rapier (elec)
rCold  + . .     Rnd*Rage +     a - +3 robe of the Twelve Cities {*Contam rPois rC+}
rNeg   . . .     SustAt   .     (shield restricted)
rPois  +         Gourm    .     m - +2 hat
rElec  .         Spirit   .     B - +0 cloak
rCorr  .         Warding  .     (gloves unavailable)
rMut   .         NoTele   +     (boots unavailable)
MR     +++..                    x - amulet of regeneration
Stlth  ++++++++++               h - +4 ring of intelligence
                                w - ring of Violud {Wiz rF+ MR+ SInv Stlth+}

@: very slightly contaminated, slowed, wreathed by umbra, invisible, quick,
extremely resistant to hostile enchantments, uncannily stealthy
A: unfitting armour, horns 1, see invisible, berserk 1, clever 1, herbivore 3,
speed 3, slow metabolism 2, weak 1, no device heal 2
a: Shadow Step, Shadow Form, Renounce Religion
}: 2/10 runes: decaying, serpentine


You were in the Dungeon.
You worshipped Dithmenos.
Dithmenos was exalted by your worship.
You were full.

You visited 1 branch You collected 4146 gold pieces.
You spent 3581 gold pieces at shops.

Inventory:

Hand weapons
 A - a +7 rapier of electrocution (weapon)
Armour
 a - the +3 robe of the Twelve Cities (worn) {*Contam rPois rC+}
   (You bought it in a shop in the Dungeon)

   It protects you from cold.
   It protects you from poison.
   It causes magical contamination when unequipped.
 d - a +2 robe of resistance
 m - a +2 hat (worn)
 t - a +2 robe of fire resistance
 B - a +0 cloak (worn)
Jewellery
 h - a +4 ring of intelligence (right hand)
 w - the ring of Violud (left hand) {Wiz rF+ MR+ SInv Stlth+}
   (You bought it in a shop in the Dungeon)

   [ring of wizardry]

   It improves your spell success rate.
   It protects you from fire.
   It affects your resistance to hostile enchantments.
   It lets you see invisible.
   It makes you more stealthy.
 x - an amulet of regeneration (around neck)
Magical devices
 u - a wand of disintegration (13)
 y - a wand of invisibility (5)
Scrolls
 e - a scroll of silence
 k - a scroll of fog
 n - 3 scrolls of remove curse
 r - a scroll of torment
 s - a scroll of recharging
 v - a scroll of enchant armour {unknown}
Potions
 f - 2 potions of resistance
 g - a potion of haste
 p - 8 potions of cure mutation
 q - 3 potions of flight
 z - 3 potions of curing
Books
 b - a book of Burglary

   Spells                             Type                      Level
   a - Swiftness                      Charms/Air                   2
   b - Passwall                       Transmutation/Earth          3
   c - Passage of Golubria            Translocation                4
   d - Lee's Rapid Deconstruction     Earth                        5
   e - Darkness                       Hexes                        6
   f - Invisibility                   Hexes                        6
 l - Ocei's Tome of Displaced Curses
   (You found it in the Dungeon)

   Spells                             Type                      Level
   a - Apportation                    Translocation                1
   b - Ensorcelled Hibernation        Hexes/Ice                    2
   c - Gell's Gravitas                Hexes/Translocation          3
   d - Passage of Golubria            Translocation                4
   e - Summon Mana Viper              Hexes/Summoning              5
Comestibles
 c - 19 royal jellies
 o - 15 fruits


   Skills:
 + Level 14.9 Short Blades
 * Level 24.5 Dodging
 * Level 26.3 Stealth
 * Level 21.4 Spellcasting
 + Level 10.5 Conjurations
 + Level 16.1 Hexes
 + Level 12.5 Translocations
 + Level 16.2 Transmutations
 + Level 11.5 Ice Magic
 + Level 12.1 Earth Magic
 - Level 5.0 Invocations


You couldn't memorise any spells.
You knew the following spells:

 Your Spells              Type           Power        Failure   Level  Hunger
a - Corona                Hex            #######      0%          1    None
b - Ensorcelled Hibernat  Hex/Ice        ######       0%          2    None
c - Confuse               Hex            #######.     0%          3    None
d - Tukima's Dance        Hex            #######.     0%          3    None
e - Dazzling Spray        Conj/Hex       #######.     1%          3    None
f - Stoneskin             Trmt/Erth      #######.     0%          2    None
g - Irradiate             Conj/Trmt      #######...   1%          5    None
h - Hydra Form            Trmt           #######...   1%          6    #......
i - Statue Form           Trmt/Erth      #######..    1%          6    #......
j - Dragon Form           Trmt           #######...   1%          7    ####...
k - Passwall              Trmt/Erth      #######...   0%          3    None
l - Passage of Golubria   Tloc           N/A          1%          4    None
m - Lee's Rapid Deconstr  Erth           ######....   1%          5    None
n - Invisibility          Hex            #######.     1%          6    #......


Dungeon Overview and Level Annotations

Branches:
Dungeon (1/1)

Altars:
Cheibriados
Dithmenos
Elyvilon
Fedhas
Gozag
Kikubaaqudgha
Makhleb
Nemelex Xobeh
Okawaru
Qazlal
Ru
Sif Muna
Trog
Vehumet
Xom
Yredelemnul
Zin
The Shining One
Jiyva
Lugonu

Shops:
D [=?[%:*[[%!}%([!*}%=[:?!

Annotations:
D exclusion: obsidian statue, Nikola


Innate Abilities, Weirdness & Mutations

You are tiny and cannot use many weapons and most armour.
You have supernaturally acute eyesight.
You are a herbivore.
You cover ground extremely quickly.
You need consume almost no food.
You have a pair of small horns on your head.
You tend to lose your temper in combat.
Your mind is acute. (Int +2)
You are weak. (Str -2)
Potions and wands are poor at restoring your health.


Message History

The hornet completely misses you.
Unknown command.
You closely miss Nikola. You headbutt Nikola.
Nikola is lightly wounded.
Your shadow hits Nikola with a rapier. The hornet completely misses you.
Nikola hits you with a rapier of electrocution!
You barely miss Nikola. You headbutt Nikola.
Nikola is lightly wounded.
The hornet completely misses you.
You closely miss Nikola.
Nikola is lightly wounded.
Your shadow closely misses Nikola.
The wasp stings itself.
Nikola mumbles some strange words.
You hear a mighty clap of thunder!
The lightning arc hits you!
* * * LOW HITPOINT WARNING * * *
You emit a cloud of dark smoke.
The lightning arc hits the hornet.
The lightning arc hits you!
Ouch! That really hurt!
You die...

..+.......+,,,,,,,,,*,,*,,,,,,,,,
###.......#####,,≈*,*,,*,,,,,,,,,
≈≈##.....##((.##,≈*,*,,*,,*******
#+###...###(#..##+##▓,,*,,*,,,,,,
#.# ##(####.##.##...▓,,*,,*,,,,,,
#####.≈≈≈'#(##.####.▓,,*,,*,,,,,,
.+∩∩#(≈≈.#(.##......▓,,*,,*,,,,,,
##∩∩#.≈≈.#######§###▓,,*,,*+*****
##..#..≈.#,,+≈⌠@@§§.▓,,*,,*,,,,,,
.+..+..≈≈+,,#≈≈y§§§.▓,,+,,*,,,,,,
##..#≈≈≈.#,,#.≈§§§§.▓************
∩#..#))..#,,#.y.≈...▓************
.#..####+#**####'###▓,+,,,,*,,+,,
##..#,*,*,*,*,*.#.*,*,*,,,,*,**,,
.+..+*,*,*,*,*,#,#.**,*,,,,*,,*≈≈
##..#,*,*,*,*,*,*,#,*,**+****,*≈≈
*####****************,*,,,,*,,*,,


You could see Nikola, a hornet and a wasp (confused).

Vanquished Creatures
  Mennas (D)
  Boris (D)
  Norris (D)
  Sigmund (D)
  Xtahua (D)
  Rupert (D)
  A lich (D)
  Gastronok (D)
  Chuck (D)
  A storm dragon (D)
  A greater naga (D)
  2 shadow dragons (D)
  Roxanne (D)
  Maud (D)
  2 dire elephants (D)
  2 fire dragons (D)
  A mummy priest (D)
  Josephine (D)
  A yaktaur captain (D)
  2 hell beasts (D)
  A naga warrior (D)
  6 anacondas (D)
  3 hydras (D)
  2 centaur warriors (D)
  An ogre mage (D)
  4 death yaks (D)
  A satyr (shapeshifter) (D)
  4 dancing weapons (D)
  2 titan zombies (D)
  A deep elf knight (D)
  2 soul eaters (D)
  2 sun demons (D)
  2 skeletal warriors (D)
  A shadow wraith (D)
  2 ice devils (D)
  A golden dragon zombie (D)
  An unseen horror (D)
  A death drake (D)
  A deep elf summoner (D)
  A spriggan druid (D)
  A lindwurm (D)
  An anaconda zombie (D)
  A deep troll (shapeshifter) (D)
  An obsidian statue (D)
  2 spectral iron dragons (D)
  2 deep elf conjurers (D)
  4 crystal guardians (D)
  7 ugly things (D)
  2 orc sorcerers (D)
  2 oklob plants (D)
  2 elephants (D)
  2 spiny frogs (D)
  An iron troll simulacrum (D)
  A stone giant skeleton (D)
  4 black mambas (D)
  A guardian serpent (D)
  8 statues (D)
  Edmund (D)
  A komodo dragon (D)
  2 deep elf priests (D)
  A fire drake (D)
  3 wandering mushrooms (D)
  4 spriggan defenders (D)
  A queen bee (D)
  6 slime creatures (D)
  3 orc high priests (D)
  8 blink frogs (D)
  2 spriggans (D)
  3 redbacks (D)
  A shadow (D)
  2 nagas (D)
  A spatial vortex (D)
  2 water moccasins (D)
  2 orc warriors (D)
  A swamp drake (D)
  A necrophage (D)
  2 centaurs (D)
  2 fire dragon simulacra (D)
  A black mamba simulacrum (D)
  An earth elemental (D)
  2 brain worms (D)
  A water elemental (D)
  3 electric eels (D)
  32 killer bees (D)
  A jelly (D)
  2 orc priests (D)
  2 orc wizards (D)
  Jessica (D)
  A wizard (D)
  A wolf (D)
  A necromancer (D)
  3 humans (D)
  A kobold demonologist (D)
  4 adders (D)
  10 orcs (D)
  2 rats (D)
  2 plants (D)
225 creatures vanquished.

Vanquished Creatures (others)
  2 draconian scorchers (D)
  Nessos (D)
  An ugly thing (D)
  2 fire drakes (D)
  3 yaktaurs (D)
  An electric eel (D)
  An orc (D)
  A bush (D)
  12 plants (D)
24 creatures vanquished.

Grand Total: 249 creatures vanquished

Notes
Turn   | Place    | Note
--------------------------------------------------------------
     0 | D        | Kidiri the Spriggan Enchanter began the quest for the Orb.
     0 | D        | Reached XP level 1. HP: 9/9 MP: 5/5
    14 | D        | Noticed Jessica
    17 | D        | Killed Jessica
    17 | D        | Reached skill level 5 in Dodging
    17 | D        | Reached skill level 6 in Stealth
    17 | D        | Reached XP level 2. HP: 13/13 MP: 6/8
    21 | D        | Learned a level 2 spell: Ensorcelled Hibernation
    51 | D        | Noticed a wolf
    79 | D        | Killed a yaktaur
   212 | D        | Killed a white draconian scorcher
   223 | D        | Killed a white draconian scorcher
   433 | D        | Killed a wolf
   433 | D        | Reached skill level 7 in Stealth
   433 | D        | Reached XP level 3. HP: 16/16 MP: 0/10
   440 | D        | Learned a level 3 spell: Confuse
   444 | D        | Learned a level 3 spell: Tukima's Dance
   539 | D        | Reached skill level 5 in Spellcasting
   539 | D        | Reached skill level 1 in Ice Magic
   539 | D        | Reached XP level 4. HP: 21/21 MP: 7/12
   545 | D        | Learned a level 3 spell: Dazzling Spray
   571 | D        | Gained mutation: You are weak. (Str -2) [potion of mutation]
   571 | D        | Gained mutation: Your mind is acute. (Int +2) [potion of mutation]
   572 | D        | Gained mutation: You expend magic power (3 MP) to strengthen your wands. [potion of mutation]
   572 | D        | Gained mutation: You have a pair of small horns on your head. [potion of mutation]
   608 | D        | Noticed a water elemental
   611 | D        | Killed a water elemental
   611 | D        | Reached skill level 8 in Stealth
   611 | D        | Reached skill level 5 in Hexes
   638 | D        | Noticed a jelly
   639 | D        | Noticed a shadow
   641 | D        | Killed a shadow
   641 | D        | Reached skill level 9 in Dodging
   641 | D        | Reached skill level 10 in Stealth
   641 | D        | Reached skill level 1 in Conjurations
   641 | D        | Reached XP level 5. HP: 24/24 MP: 14/16
   641 | D        | Reached XP level 6. HP: 28/28 MP: 14/17
   651 | D        | Killed a fire drake
   654 | D        | Killed a jelly
   816 | D        | Found a stormy altar of Qazlal.
   817 | D        | Found a sacrificial altar of Ru.
   817 | D        | Found a burning altar of Makhleb.
   817 | D        | Found a viscous altar of Jiyva.
   817 | D        | Found a shimmering altar of Xom.
   817 | D        | Found a shadowy altar of Dithmenos.
   817 | D        | Found a sparkling altar of Nemelex Xobeh.
   817 | D        | Found a corrupted altar of Lugonu.
   817 | D        | Found an opulent altar of Gozag.
   817 | D        | Noticed a spatial vortex
   821 | D        | Became a worshipper of Dithmenos the Shadowed
   837 | D        | Killed a spatial vortex
   837 | D        | Reached skill level 5 in Short Blades
   837 | D        | Reached skill level 10 in Dodging
   837 | D        | Reached skill level 11 in Stealth
   889 | D        | Killed a fire drake
  1095 | D        | Found a radiant altar of Vehumet.
  1096 | D        | Found a deep blue altar of Sif Muna.
  1096 | D        | Found an ancient bone altar of Kikubaaqudgha.
  1096 | D        | Noticed a wizard
  1097 | D        | Killed a wizard
  1108 | D        | Learned a level 2 spell: Stoneskin
  1114 | D        | Learned a level 5 spell: Irradiate
  1135 | D        | Found a glowing silver altar of Zin.
  1136 | D        | Found a glowing golden altar of the Shining One.
  1136 | D        | Found a white marble altar of Elyvilon.
  1136 | D        | Noticed a deep elf priest
  1138 | D        | Killed a deep elf priest
  1138 | D        | Reached skill level 12 in Stealth
  1138 | D        | Reached skill level 1 in Earth Magic
  1138 | D        | Reached skill level 1 in Invocations
  1138 | D        | Reached XP level 7. HP: 32/32 MP: 18/20
  1149 | D        | Found an iron altar of Okawaru.
  1150 | D        | Found a bloodstained altar of Trog.
  1150 | D        | Noticed a human
  1150 | D        | Noticed a human
  1152 | D        | Killed a human
  1153 | D        | Killed a human
  1153 | D        | Acquired Dithmenos's first power
  1153 | D        | Reached XP level 8. HP: 36/36 MP: 19/22
  1171 | D        | Found a snail-covered altar of Cheibriados.
  1171 | D        | Noticed a necrophage
  1172 | D        | Found a basalt altar of Yredelemnul.
  1172 | D        | Found a blossoming altar of Fedhas.
  1172 | D        | Noticed a necromancer
  1173 | D        | Killed a necrophage
  1174 | D        | Killed a necromancer
  1228 | D        | Noticed Josephine
  1230 | D        | Killed Josephine
  1230 | D        | Reached skill level 13 in Stealth
  1230 | D        | Reached skill level 10 in Spellcasting
  1242 | D        | Learned a level 6 spell: Hydra Form
  1244 | D        | Noticed an earth elemental
  1247 | D        | Killed an earth elemental
  1252 | D        | Noticed a centaur
  1252 | D        | Noticed a centaur warrior
  1252 | D        | Noticed a centaur
  1259 | D        | Killed a centaur warrior
  1259 | D        | Acquired Dithmenos's second power
  1259 | D        | Reached skill level 14 in Stealth
  1259 | D        | Reached skill level 5 in Transmutations
  1259 | D        | Reached skill level 5 in Ice Magic
  1259 | D        | Reached XP level 9. HP: 10/39 MP: 11/25
  1260 | D        | Killed a centaur
  1264 | D        | Killed a centaur
  1491 | D        | Noticed an unseen horror
  1493 | D        | Killed an unseen horror
  1510 | D        | Learned a level 6 spell: Statue Form
  1510 | D        | Noticed a killer bee
  1510 | D        | Noticed a killer bee
  1510 | D        | Noticed a killer bee
  1510 | D        | Noticed a killer bee
  1510 | D        | Noticed a killer bee
  1510 | D        | Noticed a killer bee
  1510 | D        | Noticed a killer bee
  1510 | D        | Noticed a killer bee
  1510 | D        | Noticed a killer bee
  1510 | D        | Noticed a killer bee
  1510 | D        | Noticed a killer bee
  1510 | D        | Noticed a killer bee
  1510 | D        | Noticed a killer bee
  1510 | D        | Noticed a queen bee
  1510 | D        | Noticed a killer bee
  1511 | D        | Noticed a killer bee
  1511 | D        | Noticed a killer bee
  1511 | D        | Noticed a killer bee
  1511 | D        | Noticed a killer bee
  1511 | D        | Noticed a killer bee
  1511 | D        | Noticed a killer bee
  1511 | D        | Noticed a killer bee
  1511 | D        | Noticed a killer bee
  1511 | D        | Noticed a killer bee
  1511 | D        | Noticed a killer bee
  1511 | D        | Noticed a killer bee
  1511 | D        | Noticed a killer bee
  1511 | D        | Noticed a killer bee
  1511 | D        | Noticed a killer bee
  1511 | D        | Noticed a killer bee
  1511 | D        | Noticed a killer bee
  1511 | D        | Noticed a killer bee
  1511 | D        | Noticed a killer bee
  1512 | D        | Killed a killer bee
  1513 | D        | Killed a killer bee
  1513 | D        | Acquired Dithmenos's third power
  1517 | D        | Killed a killer bee
  1517 | D        | Reached skill level 15 in Stealth
  1520 | D        | Killed a killer bee
  1524 | D        | Killed a killer bee
  1526 | D        | Killed a killer bee
  1528 | D        | Killed a killer bee
  1530 | D        | Killed a killer bee
  1532 | D        | Killed a killer bee
  1532 | D        | Acquired Dithmenos's fourth power
  1534 | D        | Killed a killer bee
  1536 | D        | Killed a killer bee
  1540 | D        | Killed a killer bee
  1542 | D        | Killed a killer bee
  1682 | D        | Killed a killer bee
  1682 | D        | Reached XP level 10. HP: 44/44 MP: 27/27
  1683 | D        | Killed a killer bee
  1686 | D        | Killed a killer bee
  1694 | D        | Killed a killer bee
  1697 | D        | Killed a killer bee
  1699 | D        | Killed a killer bee
  1701 | D        | Killed a killer bee
  1703 | D        | Killed a killer bee
  1707 | D        | Killed a killer bee
  1707 | D        | Reached skill level 5 in Invocations
  1754 | D        | Killed an electric eel
  1845 | D        | Killed a killer bee
  1847 | D        | Killed a killer bee
  1850 | D        | Killed a killer bee
  1852 | D        | Killed a killer bee
  1854 | D        | Killed a killer bee
  1856 | D        | Killed a killer bee
  1858 | D        | Killed a killer bee
  1860 | D        | Killed a killer bee
  1864 | D        | Killed a killer bee
  1866 | D        | Killed a killer bee
  1957 | D        | Killed a yaktaur
  1974 | D        | Killed Nessos
  2106 | D        | Killed a queen bee
  2178 | D        | Noticed a wandering mushroom
  2179 | D        | Noticed a wandering mushroom
  2179 | D        | Noticed a wandering mushroom
  2181 | D        | Killed a wandering mushroom
  2183 | D        | Killed a wandering mushroom
  2183 | D        | Reached skill level 5 in Earth Magic
  2184 | D        | Killed a wandering mushroom
  2184 | D        | Reached skill level 5 in Conjurations
  2226 | D        | Noticed a spiny frog
  2226 | D        | Noticed a komodo dragon
  2226 | D        | Noticed a spiny frog
  2231 | D        | Killed a spiny frog
  2231 | D        | Reached skill level 16 in Stealth
  2232 | D        | Killed a komodo dragon
  2233 | D        | Killed a spiny frog
  2233 | D        | Reached skill level 15 in Dodging
  2233 | D        | Reached skill level 10 in Hexes
  2240 | D        | Noticed a redback
  2242 | D        | Killed a redback
  2243 | D        | Noticed a brain worm
  2247 | D        | Killed a brain worm
  2252 | D        | Noticed a brain worm
  2254 | D        | Killed a brain worm
  2260 | D        | Noticed a lindwurm
  2262 | D        | Noticed a redback
  2263 | D        | Killed a lindwurm
  2265 | D        | Killed a redback
  2269 | D        | Noticed a redback
  2270 | D        | Killed a redback
  2271 | D        | Noticed Maud
  2273 | D        | Killed Maud
  2273 | D        | Reached skill level 17 in Stealth
  2273 | D        | Reached XP level 11. HP: 47/47 MP: 29/29
  2308 | D        | Noticed a swamp drake
  2308 | D        | Noticed a fire drake
  2309 | D        | Killed a fire drake
  2311 | D        | Killed a swamp drake
  2317 | D        | Noticed a blink frog
  2317 | D        | Noticed a blink frog
  2317 | D        | Noticed a blink frog
  2319 | D        | Noticed a blink frog
  2319 | D        | Noticed a blink frog
  2321 | D        | Killed a blink frog
  2329 | D        | Killed a blink frog
  2422 | D        | Killed a blink frog
  2424 | D        | Killed a blink frog
  2426 | D        | Killed a blink frog
  2513 | D        | Noticed Rupert
  2515 | D        | Killed Rupert
  2515 | D        | Reached skill level 18 in Stealth
  2544 | D        | Learned a level 7 spell: Dragon Form
  2546 | D        | Noticed a death yak
  2547 | D        | Noticed a death yak
  2547 | D        | Noticed a blink frog
  2547 | D        | Noticed an azure jelly
  2547 | D        | Noticed a death yak
  2547 | D        | Noticed an azure jelly
  2547 | D        | Noticed a blink frog
  2547 | D        | Noticed a death yak
  2548 | D        | Killed a death yak
  2552 | D        | Killed a blink frog
  2558 | D        | Killed a death yak
  2558 | D        | Reached skill level 10 in Short Blades
  2563 | D        | Noticed a blink frog
  2710 | D        | Noticed a black mamba
  2723 | D        | Killed a death yak
  2723 | D        | Reached skill level 10 in Transmutations
  2731 | D        | Killed a black mamba
  2735 | D        | Killed a blink frog
  2736 | D        | Killed a death yak
  2736 | D        | Reached skill level 15 in Spellcasting
  2740 | D        | Noticed a black mamba
  2901 | D        | Killed a blink frog
  2901 | D        | Reached XP level 12. HP: 51/51 MP: 22/32
  2912 | D        | Noticed an azure jelly
  2912 | D        | Noticed an azure jelly
  2942 | D        | Killed a black mamba
  3072 | D        | Found Deur's Antique Armour Shoppe.
  3072 | D        | Found Zinlan's Jewellery Boutique.
  3072 | D        | Found Cafot's Magic Scroll Emporium.
  3072 | D        | Noticed a fire dragon
  3079 | D        | HP: 1/51 [fire dragon/blast of flame (31)]
  3387 | D        | Noticed Sigmund
  3387 | D        | Noticed Edmund
  3389 | D        | Killed Sigmund
  3389 | D        | Reached skill level 19 in Stealth
  3390 | D        | Killed Edmund
  3412 | D        | Noticed an orc high priest
  3412 | D        | Noticed an orc priest
  3413 | D        | Noticed an orc high priest
  3413 | D        | Noticed an orc priest
  3414 | D        | Killed an orc high priest
  3415 | D        | Killed an orc priest
  3417 | D        | Killed an orc high priest
  3418 | D        | Killed an orc priest
  3556 | D        | Found Kirghyid's Assorted Antiques.
  3558 | D        | Noticed an orc warrior
  3558 | D        | Noticed an orc sorcerer
  3558 | D        | Noticed an orc wizard
  3558 | D        | Noticed an orc sorcerer
  3558 | D        | Noticed an orc high priest
  3558 | D        | Noticed an orc wizard
  3558 | D        | Noticed an orc warrior
  3575 | D        | Killed an orc sorcerer
  3576 | D        | Killed an orc wizard
  3578 | D        | Killed an orc warrior
  3612 | D        | Killed an orc sorcerer
  3620 | D        | Killed an orc warrior
  3622 | D        | Killed an orc wizard
  3628 | D        | Killed an orc high priest
  3978 | D        | Noticed a six-headed hydra
  3978 | D        | Noticed a five-headed hydra
  3980 | D        | Killed a six-headed hydra
  3980 | D        | Reached skill level 20 in Stealth
  3981 | D        | Killed a five-headed hydra
  3991 | D        | Noticed a death drake
  3994 | D        | Killed a death drake
  4001 | D        | Found a blossoming altar of Fedhas.
  4001 | D        | Noticed a spriggan
  4001 | D        | Noticed a spriggan druid
  4001 | D        | Noticed a spriggan
  4003 | D        | Killed a spriggan druid
  4004 | D        | Killed a spriggan
  4006 | D        | Killed a spriggan
  4032 | D        | Noticed an anaconda
  4033 | D        | Noticed an anaconda
  4034 | D        | Killed an anaconda
  4035 | D        | Noticed an anaconda
  4036 | D        | Killed an anaconda
  4039 | D        | Noticed a black mamba
  4039 | D        | Noticed an anaconda
  4039 | D        | Noticed a water moccasin
  4040 | D        | Killed an anaconda
  4046 | D        | Killed a water moccasin
  4051 | D        | Killed an anaconda
  4051 | D        | Reached XP level 13. HP: 35/55 MP: 6/34
  4055 | D        | Killed a black mamba
  4177 | D        | Noticed an anaconda
  4177 | D        | Noticed an anaconda
  4177 | D        | Noticed a black mamba
  4181 | D        | Killed an anaconda
  4182 | D        | Noticed a water moccasin
  4183 | D        | Killed an anaconda
  4183 | D        | Reached skill level 21 in Stealth
  4185 | D        | Killed a black mamba
  4187 | D        | Killed a water moccasin
  4283 | D        | Noticed a naga
  4283 | D        | Noticed a naga
  4284 | D        | Noticed a naga warrior
  4284 | D        | Noticed a greater naga
  4284 | D        | Found Hixuarghouq's Antique Armour Shop.
  4284 | D        | Found Epif's Food Shoppe.
  4285 | D        | Killed a naga
  4286 | D        | Killed a naga
  4287 | D        | Found Migirphu's Book Boutique.
  4288 | D        | Killed a greater naga
  4289 | D        | Killed a naga warrior
  4300 | D        | Bought a book of Burglary for 1050 gold pieces
  4304 | D        | Learned a level 3 spell: Passwall
  4309 | D        | Learned a level 4 spell: Passage of Golubria
  4314 | D        | Noticed a guardian serpent
  4316 | D        | Killed a guardian serpent
  4319 | D        | Got a serpentine rune of Zot
  4436 | D        | Noticed a fire dragon simulacrum
  4436 | D        | Noticed a black mamba simulacrum
  4436 | D        | Noticed a fire dragon simulacrum
  4436 | D        | Killed a fire dragon simulacrum
  4437 | D        | Killed a fire dragon simulacrum
  4438 | D        | Killed a black mamba simulacrum
  4457 | D        | Identified the Papyrus of Blistering Confrontation
  4464 | D        | Lost mutation: You expend magic power (3 MP) to strengthen your wands. [potion of mutation]
  4464 | D        | Gained mutation: Potions and wands are less effective at restoring your health. [potion of mutation]
  4464 | D        | Gained mutation: You tend to lose your temper in combat. [potion of mutation]
  4600 | D        | Killed a yaktaur
  4720 | D        | Killed a fire dragon
  4720 | D        | Reached skill level 1 in Translocations
  4995 | D        | Bought the ring of Violud {Wiz rF+ MR+ SInv Stlth+} for 792 gold pieces
  4995 | D        | Bought an uncursed amulet of regeneration for 420 gold pieces
  4997 | D        | Bought a scroll of identify for 24 gold pieces
  4997 | D        | Bought a scroll of enchant weapon for 90 gold pieces
  5175 | D        | Noticed a seven-headed hydra
  5175 | D        | Noticed Xtahua
  5177 | D        | Killed Xtahua
  5179 | D        | Killed a seven-headed hydra
  5186 | D        | Got a decaying rune of Zot
  5266 | D        | Noticed an elephant
  5266 | D        | Noticed an elephant
  5266 | D        | Noticed a dire elephant
  5266 | D        | Noticed a dire elephant
  5266 | D        | Noticed Gastronok
  5280 | D        | Killed Gastronok
  5280 | D        | Reached skill level 22 in Stealth
  5370 | D        | Killed an elephant
  5578 | D        | Killed an elephant
  5602 | D        | Killed a dire elephant
  5612 | D        | Killed a dire elephant
  5822 | D        | Noticed a deep elf conjurer
  5822 | D        | Noticed a deep elf conjurer
  5822 | D        | Noticed a deep elf knight
  5822 | D        | Noticed a deep elf summoner
  5822 | D        | Noticed a deep elf priest
  5853 | D        | Killed a deep elf conjurer
  5853 | D        | Reached skill level 5 in Translocations
  5867 | D        | Killed a deep elf conjurer
  5869 | D        | Killed a deep elf knight
  5872 | D        | Killed a deep elf priest
  5881 | D        | Killed a deep elf summoner
  6017 | D        | Bought 3 scrolls of identify for 138 gold pieces
  6048 | D        | Noticed a deep elf annihilator
  6049 | D        | Noticed a deep elf annihilator
  6052 | D        | Noticed a deep elf high priest
  6313 | D        | Noticed an obsidian statue
  6317 | D        | Noticed a spriggan defender
  6318 | D        | Noticed a spriggan defender
  6318 | D        | Noticed a spriggan defender
  6318 | D        | Noticed a spriggan defender
  6319 | D        | Killed a spriggan defender
  6320 | D        | Killed a spriggan defender
  6322 | D        | Killed a spriggan defender
  6323 | D        | Killed a spriggan defender
  6425 | D        | Noticed a green ugly thing
  6428 | D        | Killed a green ugly thing
  6440 | D        | Noticed a fire dragon
  6442 | D        | Killed a fire dragon
  6455 | D        | Noticed a centaur warrior
  6457 | D        | Killed a centaur warrior
  6490 | D        | Noticed a battleaxe of venom
  6490 | D        | Noticed a battleaxe of electrocution
  6490 | D        | Noticed a flail of draining
  6491 | D        | Noticed a mace of protection
  6492 | D        | Killed a battleaxe of electrocution
  6494 | D        | Killed a battleaxe of venom
  6494 | D        | Reached skill level 10 in Earth Magic
  6494 | D        | Reached XP level 14. HP: 59/59 MP: 37/37
  6496 | D        | Killed a mace of protection
  6499 | D        | Killed a flail of draining
  6541 | D        | Learned a level 5 spell: Lee's Rapid Deconstruction
  6541 | D        | Noticed an anaconda
  6541 | D        | Noticed a red ugly thing
  6541 | D        | Noticed a white ugly thing
  6541 | D        | an anaconda changed into a giant leech
  6542 | D        | Noticed a ghost crab
  6543 | D        | Killed a white ugly thing
  6543 | D        | Reached skill level 23 in Stealth
  6546 | D        | a ghost crab changed into a moth of wrath
  6549 | D        | Noticed a yaktaur captain
  6550 | D        | Killed a red ugly thing
  6745 | D        | Noticed a white ugly thing
  6746 | D        | Killed a yaktaur captain
  6746 | D        | Reached skill level 10 in Ice Magic
  6757 | D        | Killed a white ugly thing
  6816 | D        | Noticed Chuck
  6816 | D        | Noticed a white ugly thing
  6817 | D        | Noticed a purple ugly thing
  6826 | D        | Noticed a purple ugly thing
  6830 | D        | Killed a purple ugly thing
  6835 | D        | Killed a purple ugly thing
  6871 | D        | Killed a white ugly thing
  7662 | D        | Identified Ocei's Tome of Displaced Curses (You found it in the Dungeon)
  7725 | D        | Noticed Norris
  7843 | D        | Killed Norris
  7982 | D        | Noticed a slime creature
  7984 | D        | Noticed a lich
  7985 | D        | Killed a slime creature
  7987 | D        | Killed a lich
  8029 | D        | Noticed a green ugly thing
  8029 | D        | Noticed a shadow dragon
  8029 | D        | Noticed an ogre mage
  8029 | D        | Noticed a shadow dragon
  8030 | D        | Killed a green ugly thing
  8032 | D        | Killed a shadow dragon
  8033 | D        | Killed a shadow dragon
  8033 | D        | Reached skill level 24 in Stealth
  8034 | D        | Killed an ogre mage
  8039 | D        | Noticed an obsidian statue
  8108 | D        | Killed Chuck
  8265 | D        | Found Veof's Food Emporium.
  8265 | D        | Found Suroh's Antique Armour Boutique.
  8265 | D        | Found Tyfiolod's Antique Weapon Shop.
  8265 | D        | Found Usipleich's Book Emporium.
  8265 | D        | Found Reetuny's Assorted Antiques.
  8265 | D        | Found Nismuag's Food Emporium.
  8265 | D        | Found Anoe's Armour Shoppe.
  8265 | D        | Found Ilits's Magic Scroll Shop.
  8265 | D        | Found Basucied's Gadget Emporium.
  8265 | D        | Found Muustreu's Jewellery Shop.
  8265 | D        | Found Arappy's Distillery.
  8265 | D        | Found Woeghojuq's Distillery.
  8291 | D        | Bought an ancient robe for 142 gold pieces
  8301 | D        | Identified the +3 robe of the Twelve Cities {*Contam rPois rC+} (You bought it in a shop in the Dungeon)
  8303 | D        | Bought a scroll of enchant weapon for 105 gold pieces
  8303 | D        | Bought a scroll of identify for 28 gold pieces
  8303 | D        | Bought a scroll of identify for 28 gold pieces
  8303 | D        | Bought a scroll of blinking for 105 gold pieces
  8303 | D        | Bought a scroll of identify for 28 gold pieces
  8303 | D        | Bought a scroll of magic mapping for 49 gold pieces
  8310 | D        | Bought a +4 ring of intelligence for 324 gold pieces
  8317 | D        | Bought a potion of heal wounds for 65 gold pieces
  8317 | D        | Bought a potion of heal wounds for 65 gold pieces
  8350 | D        | Killed an obsidian statue
  8358 | D        | Noticed a crystal guardian
  8359 | D        | Killed a crystal guardian
  8367 | D        | Noticed a crystal guardian
  8368 | D        | Killed a crystal guardian
  8371 | D        | Noticed a crystal guardian
  8371 | D        | Killed a crystal guardian
  8375 | D        | Noticed a crystal guardian
  8376 | D        | Killed a crystal guardian
  8601 | D        | Noticed a fire elementalist statue
  8601 | D        | Noticed a water elementalist statue
  8601 | D        | Noticed an earth elementalist statue
  8601 | D        | Noticed an air elementalist statue
  8604 | D        | Killed a water elementalist statue
  8606 | D        | Killed a fire elementalist statue
  8609 | D        | Killed an earth elementalist statue
  8609 | D        | Reached skill level 15 in Hexes
  8858 | D        | Killed an air elementalist statue
  8889 | D        | Noticed an anaconda zombie
  8889 | D        | Noticed a titan zombie
  8889 | D        | Noticed Boris
  8889 | D        | Noticed a stone giant skeleton
  8889 | D        | Noticed a spectral iron dragon
  8890 | D        | Noticed a spectral iron dragon
  8891 | D        | Killed a spectral iron dragon
  8893 | D        | Killed Boris
  8893 | D        | Reached skill level 10 in Translocations
  8893 | D        | Reached skill level 15 in Transmutations
  8894 | D        | Killed a spectral iron dragon
  8895 | D        | Killed a stone giant skeleton
  8896 | D        | Killed a titan zombie
  8897 | D        | Killed an anaconda zombie
  8913 | D        | Gained mutation: Potions and wands are poor at restoring your health. [mutagenic glow]
  9226 | D        | Noticed Mennas
  9227 | D        | Noticed a pristine statue
  9227 | D        | Noticed a pristine statue
  9227 | D        | Noticed a pristine statue
  9227 | D        | Noticed a pristine statue
  9228 | D        | Killed Mennas
  9228 | D        | Reached skill level 25 in Stealth
  9228 | D        | Reached skill level 10 in Conjurations
  9228 | D        | Reached XP level 15. HP: 63/63 MP: 35/40
  9391 | D        | Killed a pristine statue
  9549 | D        | Killed a pristine statue
  9624 | D        | Killed a pristine statue
  9746 | D        | Killed a pristine statue
  9899 | D        | Noticed Roxanne
  9904 | D        | Killed Roxanne
 10007 | D        | Found Ocvului's Gadget Shoppe.
 10007 | D        | Noticed an oklob plant
 10007 | D        | Noticed an oklob plant
 10008 | D        | Found Netutt's Food Shop.
 10008 | D        | Found Olot's Armour Emporium.
 10008 | D        | Found Paematz's Distillery.
 10009 | D        | Killed an oklob plant
 10011 | D        | Killed an oklob plant
 10016 | D        | Bought a potion of heal wounds for 70 gold pieces
 10025 | D        | Noticed a titan zombie
 10027 | D        | Killed a titan zombie
 10034 | D        | Noticed a golden dragon zombie
 10051 | D        | Killed a golden dragon zombie
 10079 | D        | Found Nesacs's Armour Boutique.
 10079 | D        | Noticed an iron troll simulacrum
 10083 | D        | Killed an iron troll simulacrum
 10086 | D        | Bought a +0 cloak for 58 gold pieces
 10158 | D        | Noticed an ice devil
 10158 | D        | Noticed a hell beast
 10158 | D        | Noticed a sun demon
 10158 | D        | Noticed a sun demon
 10158 | D        | Noticed a hell beast
 10158 | D        | Noticed a soul eater
 10159 | D        | Noticed a soul eater
 10159 | D        | Noticed an ice devil
 10165 | D        | Killed a sun demon
 10167 | D        | Killed a soul eater
 10168 | D        | Killed an ice devil
 10168 | D        | Killed a sun demon
 10169 | D        | Killed a hell beast
 10174 | D        | Killed a soul eater
 10176 | D        | Killed an ice devil
 10176 | D        | Reached skill level 26 in Stealth
 10182 | D        | Killed a hell beast
 10369 | D        | Noticed a shadow wraith
 10370 | D        | Noticed a skeletal warrior
 10370 | D        | Noticed a skeletal warrior
 10370 | D        | Noticed a mummy priest
 10372 | D        | Killed a mummy priest
 10374 | D        | Killed a shadow wraith
 10442 | D        | Killed a skeletal warrior
 10442 | D        | Killed a skeletal warrior
 10518 | D        | Noticed a large slime creature
 10518 | D        | Noticed a slime creature
 10518 | D        | Noticed a slime creature
 10518 | D        | Noticed a slime creature
 10519 | D        | Killed a slime creature
 10520 | D        | Killed a slime creature
 10522 | D        | Killed a slime creature
 10524 | D        | Killed a slime creature
 10526 | D        | Killed a slime creature
 10549 | D        | Noticed an electric eel
 10549 | D        | Noticed an electric eel
 10549 | D        | Noticed an electric eel
 10550 | D        | Noticed Nikola
 10550 | D        | Noticed a storm dragon
 10551 | D        | Killed an electric eel
 10552 | D        | Killed an electric eel
 10553 | D        | Killed an electric eel
 10555 | D        | Killed a storm dragon
 11094 | D        | Learned a level 6 spell: Invisibility
 11095 | D        | Noticed a hornet
 11096 | D        | Noticed a hornet
 11096 | D        | Noticed a wasp
 11105 | D        | Killed from afar by Nikola

Vault maps used:
D:        dungeon_sprint_mu

Action                   |  1- 3 |  4- 6 |  7- 9 | 10-12 | 13-15 || total
-------------------------+-------+-------+-------+-------+-------++-------
Melee: Dagger            |     8 |    22 |    34 |   196 |    48 ||   308
       Rapier            |       |       |       |       |   110 ||   110
 Cast: Ensorcelled Hiber |     8 |     2 |    15 |    47 |    21 ||    93
       Dazzling Spray    |       |     4 |     6 |    45 |    47 ||   102
       Confuse           |       |     1 |       |     5 |    34 ||    40
       Stoneskin         |       |       |       |     1 |    10 ||    11
       Passwall          |       |       |       |       |    13 ||    13
       Lee's Rapid Decon |       |       |       |       |    67 ||    67
       Passage of Golubr |       |       |       |       |     3 ||     3
       Statue Form       |       |       |       |       |     1 ||     1
       Dragon Form       |       |       |       |       |     1 ||     1
       Corona            |       |       |       |       |     1 ||     1
       Irradiate         |       |       |       |       |     1 ||     1
       Invisibility      |       |       |       |       |     1 ||     1
Invok: Shadow Step       |       |       |       |    15 |    17 ||    32
  Use: Potion            |       |     2 |       |     3 |    10 ||    15
       Scroll            |       |     1 |       |       |    13 ||    14
 Stab: Sleeping          |     3 |     5 |    21 |    61 |    60 ||   150
       Confused          |       |     1 |       |     1 |     7 ||     9
       Invisible         |       |       |     2 |     6 |     7 ||    15
  Eat: Bread ration      |       |       |       |     1 |       ||     1
       Royal jelly       |       |       |       |       |     7 ||     7
       Fruit             |       |       |       |       |     1 ||     1
